 Dungeon Crawl Stone Soup version 0.30-a0-840-ga523dec638 (webtiles) character file.

Game seed: 10157364266613598517

42 Zenkrye the Cudgeller (level 3, 0/31 HPs)
             Began as an Armataur Warper on Mar 1, 2023.
             Slain by a white imp (4 damage)
             ... summoned by Natasha
             ... on level 2 of the Dungeon.
             The game lasted 00:03:18 (999 turns).

Zenkrye the Cudgeller (Armataur Warper)              Turns: 999, Time: 00:03:19

Health: 0/31       AC:  4    Str: 16    XL:     3   Next: 33%
Magic:  5/5        EV:  9    Int: 15    God:
Gold:   55         SH:  0    Dex:  9    Spells: 3/5 levels left

rFire   . . .      SeeInvis .    a - +0 mace
rCold   . . .      Faith    .    (no shield)
rNeg    . . .      Spirit   .    b - +0 leather armour
rPois   .          Reflect  .    (no helmet)
rElec   .          Harm     .    (no cloak)
rCorr   .          Roll     +    (no gloves)
Will    .....                    (no barding)
Stlth   +                        (no amulet)
HPRegen 0.25/turn                (no ring)
MPRegen 0.09/turn                (no ring)

@: slowed, very slow
A: large, rugged brown scales 3, deformed body, armoured tail, roll, long
tongue, awkward tongue
a: no special abilities


You were on level 2 of the Dungeon.
You visited 1 branch of the dungeon, and saw 2 of its levels.

You collected 55 gold pieces.

Inventory:

Hand Weapons
 a - a +0 mace (weapon)
Missiles
 d - 7 boomerangs of dispersal
 f - 4 boomerangs (quivered)
Armour
 b - a +0 leather armour (worn)
Scrolls
 c - a scroll of blinking {@r4}
 l - a scroll of fog {unknown}
Potions
 e - a potion of berserk rage
 g - 2 potions of mutation
 h - 2 potions of curing {@q1}
 i - a potion of might {unknown}
 j - a potion of flight
 k - a potion of ambrosia {unknown}


   Skills:
 - Level 1.7 Fighting
 * Level 3.4 Maces & Flails
 - Level 0.8 Throwing
 - Level 1.2 Armour
 - Level 1.3 Dodging
 - Level 1.7 Spellcasting
 + Level 3.1 Translocations


You had 3 spell levels left.
You knew the following spells:

 Your Spells              Type           Power      Damage    Failure   Level
b - Blink                 Tloc           20%        N/A       12%         2

Your spell library contained the following spells:

 Spells                   Type           Power      Damage    Failure   Level
 Lesser Beckoning         Tloc           20%        N/A       12%         2
 Teleport Other           Tloc           10%        N/A       24%         3
 Vhi's Electric Charge    Tloc/Air       10%        N/A       41%         3
 Manifold Assault         Tloc           10%        N/A       61%         4


Dungeon Overview and Level Annotations

Branches:
Dungeon (2/15)

Altars:

Shops:
D:2 !

Annotations:
D:2 Natasha


Innate Abilities, Weirdness & Mutations

You are completely covered in rugged brown scales. (AC +3, +7% HP)
Armour fits poorly on your strangely shaped body.
You have a long armoured tail.
You roll when moving toward enemies. (Rampage)
Your long tongue fully drains potion bottles. (2x potion effects)
Your tongue gives you trouble enunciating. (1.5x scroll delay)


Message History

k - a lumpy golden potion
l - a scroll labelled BIANWI PAS BAUCEA Natasha, Servant of Life and Death comes into view.
Found a scroll labelled DAECOXAEHY.
Natasha hisses angrily.
An endoplasm comes into view.
Natasha casts a spell at you. You resist with significant effort.
Natasha stares at you and mumbles some strange words.
You resist with significant effort. Natasha casts a spell at you.
You feel yourself slow down.
Natasha extends her claws.
Natasha casts a spell at you. The magic dart hits you!
You miss Natasha.
Natasha stares at you and mumbles some strange words.
The magic dart hits you. Natasha claws you but does no damage.
You hit Natasha.
Natasha is lightly wounded.
Natasha misses you. Natasha barely misses you.
You hit Natasha.
Natasha is heavily wounded.
Natasha hisses.
Natasha barely misses you.
You hit Natasha but do no damage.
Your tail-slap misses Natasha.
Natasha is heavily wounded.
Natasha claws you!
Natasha mumbles some strange words.
You completely miss Natasha.
Your tail-slap misses Natasha.
Natasha is heavily wounded.
Natasha claws you!
* * * LOW HITPOINT WARNING * * *
The white imp barely misses you. Natasha claws you but does no damage.
You closely miss Natasha.
Natasha is heavily wounded.
The white imp hits you.
* * * LOW HITPOINT WARNING * * *
The white imp freezes you.
You die...

#.# ##.......... #.#
##.h######### #.#
#........... #.#
#.#.#######.
#.########.#.#######
#..........#.h...#..
############.###.#.#
...............#h#.####
#.########.#.#@#.#..#
#)## #.#.#5#.#..#
###..# #.#.#.#.#..#
.8...# #.......#<.#
8.8w.# ###.#.#....#
...8.# #.#.#..#.#
.∩..8## #.#......#
...8..# #.###.#..#
8.8...# #.# #.#<.#


You could see Natasha and a white imp (summoned).

Vanquished Creatures
  A gnoll (D:2)
  A dart slug (D:1)
  4 bats (D:1)
  4 endoplasms (D:1)
  3 giant cockroaches (D:1)
  A goblin (D:2)
  A hobgoblin (D:1)
  A frilled lizard (D:1)
  4 kobolds (D:1)
  10 rats
30 creatures vanquished.

Notes
Turn   | Place    | Note
-------+----------+-------------------------------------------
     0 | D:1      | Zenkrye the Armataur Warper began the quest for the Orb.
     0 | D:1      | Reached XP level 1. HP: 18/18 MP: 3/3
   199 | D:1      | Reached XP level 2. HP: 19/25 MP: 4/4
   613 | D:1      | Reached XP level 3. HP: 31/31 MP: 5/5
   738 | D:1      | Learned a level 2 spell: Blink
   790 | D:2      | Found Vudaun's Distillery.
   973 | D:2      | Noticed Natasha
   999 | D:2      | Slain by a white imp

Illustrated notes

Levels and vault maps discovered:
D:1:      psy_arrival_statuary, layout_loops_ring, chequers_garden,
          minmay_misc_feat_doors, minmay_rat_gold_closets
D:2:      layout_basic, serial_shops, nicolae_diamond_shop,
          nicolae_shop_advertising_works [nicolae_subvault_shop_adworks], shop,
          minmay_misc_feat_room, uniq_crazy_yiuf_cottage, uniq_natasha

Skill      XL: |  1  2 |
---------------+-------+-----
Maces & Flails | 2 3 |  3.4
Fighting       | |  1.7
Throwing       | |  0.8
Armour         | |  1.2
Dodging        | |  1.3
Spellcasting   | |  1.7
Translocations | |  3.1

Action                     || total
---------------------------++-------
  Melee: Mace              ||   101
         Tailslap          ||     3
  Throw: Boomerang         ||     2
   Cast: Blink             ||     2
    Use: Scroll            ||     4
 Armour: Leather armour    ||    38
  Dodge: Dodged            ||    54

Table legend: (Time is in decaauts)
 A = Elapsed time spent in this place.
 B = Non-inter-level travel time spent in this place.
 C = Inter-level travel time spent in this place.
 D = Time resting spent in this place.
 E = Time spent auto-exploring this place.
 F = Levels seen in this place.
 G = Mean time per level.
                   A        B        C        D        E       F      G
               +--------+--------+--------+--------+--------+-----+--------+
         Total |   1034 |    992 |     42 |     36 |    676 |   2 |  517.0 |
       Dungeon |   1034 |    992 |     42 |     36 |    676 |   2 |  517.0 |
               +--------+--------+--------+--------+--------+-----+--------+

Top non-repeatable levels by time:
     D:1: 844 daAuts
     D:2: 190 daAuts
